 Dungeon Crawl Stone Soup version 0.24-a0-489-g1c7b743a30 (webtiles) character file.

Game seed: 18110452552351913092

9543 KristoblXynda the Carver (level 11, -5/92 HPs)
             Began as a Green Draconian Gladiator on July 11, 2019.
             Was an Elder of Cheibriados.
             Shot with an arrow by a centaur (6 damage)
             ... on level 11 of the Dungeon.
             The game lasted 00:22:29 (12230 turns).

KristoblXynda the Carver (DrGl)                    Turns: 12230, Time: 00:22:29

Health: -5/92      AC:  8    Str: 22    XL:     11   Next: 24%
Magic:  15/15      EV: 19    Int: 20    God:    Cheibriados [****..]
Gold:   628        SH:  5    Dex: 21    Spells: 10/10 levels left

rFire    + . .     SeeInvis .   q - +0 falchion (curse)
rCold    . . .     Gourm    .   F - -1 buckler (curse)
rNeg     . . .     Faith    +   (armour unavailable)
rPois    +         Spirit   .   b - +0 hat
rElec    .         Reflect  .   y - +0 cloak
rCorr    .         Harm     .   (no gloves)
MR       .....                  (no boots)
Stlth    ++........             l - amulet of faith
HPRegen  0.25/turn              j - ring of protection from fire
MPRegen  0.14/turn              E - -5 ring of strength (curse)

@: very slow
A: breathe noxious fumes, unfitting armour, poison resistance, cold-blooded, AC
+7
a: Breathe Noxious Fumes, Bend Time, Temporal Distortion, Slouch, Renounce
Religion


You were on level 11 of the Dungeon.
You worshipped Cheibriados.
Cheibriados was greatly pleased with you.
You were not hungry.

You visited 2 branches of the dungeon, and saw 12 of its levels.

You collected 628 gold pieces.

Inventory:

Hand Weapons
 a - a +1 long sword
 q - a cursed +0 falchion (weapon)
 B - a +0 scimitar
Missiles
 c - 4 throwing nets (quivered)
Armour
 b - a +0 hat (worn)
 y - a +0 cloak (worn)
 F - a cursed -1 buckler (worn)
Jewellery
 j - a ring of protection from fire (left hand)
 l - an amulet of faith (around neck)
 s - an uncursed ring of wizardry {unknown}
 z - an uncursed ring of magical power
 E - a cursed -5 ring of strength (right hand)
Wands
 i - a wand of scattershot (5)
 A - a wand of digging (8)
 D - a wand of disintegration (18)
Scrolls
 k - 2 scrolls of magic mapping
 o - 3 scrolls of fog
 t - 2 scrolls of fear
 x - 4 scrolls of teleportation
 C - 3 scrolls of immolation
Potions
 e - 2 potions of mutation
 f - 4 potions of brilliance
 g - 2 potions of resistance
 h - 3 potions of invisibility
 m - 4 potions of lignification
 n - 2 potions of might
 p - a potion of cancellation {unknown}
 r - 2 potions of heal wounds
 u - a potion of agility {unknown}
 w - a potion of ambrosia {unknown}
Comestibles
 d - 9 rations
 v - 3 chunks of flesh


   Skills:
 - Level 7.0 Fighting
 + Level 11.2 Long Blades
 - Level 2.0 Throwing
 + Level 8.6 Dodging
 - Level 4.1 Shields
 + Level 5.7 Invocations
 - Level 5.4 Evocations


You had 10 spell levels left.
You didn't know any spells.
Your spell library was empty.

Dungeon Overview and Level Annotations

Branches:
Dungeon (11/15)            Temple (1/1) D:7             Orc (0/2) D:10
   Lair: D:8-11

Altars:
Ashenzari
Cheibriados
Dithmenos
Elyvilon
Fedhas
Gozag
Hepliaklqana
Kikubaaqudgha
Makhleb
Nemelex Xobeh
Okawaru
Qazlal
Ru
Sif Muna
Trog
Uskayaw
Vehumet
Wu Jian
Xom
Yredelemnul
Zin
The Shining One

Shops:
D:5 =

Portals:
Trove: D:10 (give +8 demon whip)


Innate Abilities, Weirdness & Mutations

You can breathe blasts of noxious fumes.
Your lurid green scales are hard. (AC +7)
You cannot fit into any form of body armour.
Your system is resistant to poisons. (rPois)
You are cold-blooded and may be slowed by cold attacks.


Message History

The centaur wields a +0 shortbow.
The centaur shoots an arrow.
The arrow hits you!
* * * LOW HITPOINT WARNING * * *
The centaur shoots an arrow.
The arrow hits you!
* * * LOW HITPOINT WARNING * * *
The centaur shoots an arrow.
The arrow misses you.
Things that are here:
2 arrows; a chunk of flesh It was a potion of heal wounds.
You feel much better.
The centaur shoots an arrow.
You block the arrow.
The centaur shoots an arrow.
The arrow hits you!
* * * LOW HITPOINT WARNING * * *
The centaur shoots an arrow.
The arrow barely misses you.
The centaur shoots an arrow.
The arrow misses you.
You hear an angry hiss.
The centaur shoots an arrow.
The arrow barely misses you.
The centaur shoots an arrow.
The arrow hits you!
* * * LOW HITPOINT WARNING * * *
The centaur shoots an arrow.
The arrow hits you.
You die...

.........> ............
# . ........ccc .#..
.......%..###.#...≈ ..#.
...........##....###....
#....(.%...##...........
#......#................
.........([.............
.......@((..............
.......((......%........
........()......<.......
........................
............≈≈≈≈≈.......
............≈###≈§..Y..$
............≈# #§...##..
............§# #≈...# .
...........≈≈ ≈≈....


You could see 3 centaurs.

Vanquished Creatures
  Harold (D:11)
  2 two-headed ogres (D:10)
  Pikel (D:8)
  Joseph (D:7)
  A kobold demonologist (D:6)
  2 trolls
  Grinder (D:4)
  2 hippogriffs
  Grum (D:11)
  A hungry ghost (D:7)
  A wraith (D:10)
  A steam dragon (D:8)
  A water moccasin (D:10)
  Duvessa (D:6)
  2 ice beasts
  4 sky beasts
  8 ogres
  An orc warrior (D:10)
  3 phantoms
  4 slaves (D:8)
  3 black bears
  4 wolves (D:10)
  3 centaurs
  Blork the orc (D:4)
  5 bullfrogs
  Dowan (D:6)
  4 scorpions
  A wyvern skeleton (D:10)
  5 wights (D:7)
  5 howler monkeys
  A bullfrog zombie (D:9)
  A crimson imp (D:5)
  A quasit (D:10)
  2 centaur skeletons (D:7)
  2 jellies
  7 hounds
  11 orc priests
  7 orc wizards
  2 bullfrog skeletons
  2 iguanas
  7 worker ants
  A hound skeleton (D:5)
  A howler monkey skeleton (D:7)
  9 adders
  3 shadow imps (D:6)
  An adder zombie (D:5)
  2 adder skeletons (D:9)
  3 worms
  A dart slug (D:1)
  2 leopard geckos
  47 orcs
  A ball python (D:3)
  6 giant cockroaches
  12 goblins
  10 hobgoblins
  12 jackals
  2 quokkas
  3 bats
  7 frilled lizards
  4 kobolds
  A leopard gecko skeleton (D:8)
  A quokka skeleton (D:4)
  2 quokka zombies (D:7)
  7 rats
252 creatures vanquished.

Notes
Turn   | Place    | Note
-------+----------+-------------------------------------------
     0 | D:1      | KristoblXynda the Draconian Gladiator began the quest for
                  | the Orb.
     0 | D:1      | Reached XP level 1. HP: 17/17 MP: 1/1
   293 | D:1      | Reached XP level 2. HP: 25/25 MP: 2/2
   732 | D:2      | Reached XP level 3. HP: 23/30 MP: 3/3
  1598 | D:3      | Reached XP level 4. HP: 37/38 MP: 4/4
  1626 | D:3      | Reached skill level 4 in Long Blades
  2313 | D:4      | Reached XP level 5. HP: 13/45 MP: 5/5
  2629 | D:4      | Noticed Blork the orc
  2646 | D:4      | Killed Blork the orc
  2882 | D:4      | Noticed an ogre
  2892 | D:4      | Killed an ogre
  2892 | D:4      | Reached skill level 5 in Long Blades
  2892 | D:4      | Reached XP level 6. HP: 29/52 MP: 6/6
  3752 | D:4      | HP: 2/53 [orc priest/divine providence (14)]
  3775 | D:4      | Noticed Grinder
  4184 | D:4      | Paralysed by Grinder for 2 turns
  4207 | D:4      | Reached skill level 6 in Long Blades
  4207 | D:4      | Your scales start taking on a lurid green colour.
  4207 | D:4      | Reached XP level 7. HP: 43/60 MP: 7/7
  4207 | D:4      | Gained mutation: Your system is resistant to poisons.
                  | (rPois) [Green Draconian growth]
  4207 | D:4      | Killed Grinder
  4207 | D:4      | Reached skill level 5 in Fighting
  4299 | D:4      | Reached skill level 7 in Long Blades
  4683 | D:4      | Reached XP level 8. HP: 55/69 MP: 8/8
  4814 | D:4      | Reached skill level 5 in Dodging
  4814 | D:4      | Reached skill level 1 in Evocations
  5083 | D:5      | Entered Level 5 of the Dungeon
  5222 | D:5      | Found Luef's Jewellery Emporium.
  5235 | D:5      | Found a glowing silver altar of Zin.
  5754 | D:6      | Noticed Duvessa
  5754 | D:6      | Noticed Dowan
  5777 | D:6      | Killed Duvessa
  5782 | D:6      | Killed Dowan
  5782 | D:6      | Reached skill level 8 in Long Blades
  5816 | D:6      | Found a transporter.
  5830 | D:6      | Noticed a kobold demonologist
  5970 | D:6      | Found a transporter.
  6682 | D:6      | Reached XP level 9. HP: 78/78 MP: 11/11
  6719 | D:6      | Noticed a red devil
  6721 | D:6      | Killed a kobold demonologist
  6721 | D:6      | Reached skill level 1 in Shields
  6860 | D:7      | Reached skill level 9 in Long Blades
  7214 | D:7      | Found a staircase to the Ecumenical Temple.
  7276 | Temple   | Entered the Ecumenical Temple
  7468 | Temple   | Became a worshipper of Cheibriados the Contemplative
  7955 | D:7      | Noticed Joseph
  7969 | D:7      | Killed Joseph
  8649 | D:8      | Reached * piety under Cheibriados
  8677 | D:8      | Reached XP level 10. HP: 18/84 MP: 13/13
  8952 | D:8      | Noticed Pikel
  8971 | D:8      | Killed Pikel
  8971 | D:8      | Reached skill level 10 in Long Blades
  8971 | D:8      | Reached skill level 5 in Evocations
  9751 | D:9      | Reached skill level 1 in Invocations
  9801 | D:9      | Found an opulent altar of Gozag.
 10238 | D:9      | Reached ** piety under Cheibriados
 10620 | D:10     | Entered Level 10 of the Dungeon
 10620 | D:10     | Noticed a two-headed ogre
 10897 | D:10     | Noticed a two-headed ogre
 11174 | D:10     | Killed a two-headed ogre
 11174 | D:10     | Killed a two-headed ogre
 11174 | D:10     | Reached *** piety under Cheibriados
 11262 | D:10     | Reached XP level 11. HP: 68/92 MP: 15/15
 11395 | D:10     | Found a staircase to the Orcish Mines.
 11518 | D:10     | Found a portal to a secret trove of treasure.
 11639 | D:11     | Noticed Grum
 11889 | D:11     | Noticed Harold
 11889 | D:11     | Paralysed by Harold for 5 turns
 11978 | D:11     | Reached skill level 5 in Invocations
 11984 | D:10     | Reached **** piety under Cheibriados
 12063 | D:10     | Reached skill level 11 in Long Blades
 12193 | D:11     | Killed Harold
 12205 | D:11     | Killed Grum
 12228 | D:11     | HP: 2/92 [centaur/arrow (8)]
 12230 | D:11     | Shot with an arrow by a centaur

Levels and vault maps discovered:
D:1:      minmay_arrival_semitransparent, layout_basic
D:2:      layout_basic, first_ration, chequers_big_river
D:3:      layout_loops_corners, serial_glass, glass_columns_a, glass_columns_b
D:4:      layout_basic, uniq_blork_the_orc, uniq_grinder
D:5:      layout_basic, basic_altar, serial_shops, shop,
          kennysheep_generic_room_7
D:6:      gammafunk_wand_slinger, layout_loops_cross, uniq_duvessa
D:7:      layout_loops_cross, minmay_temple_entry_drinking_statues, uniq_joseph
D:8:      layout_loops_ring, uniq_pikel
D:9:      layout_gridville, lemuel_crystal_altar
D:10:     layout_rooms, enter_trove_1, kennysheep_minor_cross
D:11:     gammafunk_the_bubble [the_bubble_gammafunk_plus_minus], layout_cross,
          dpeg_oklobed_lair, serial_shops, kennysheep_mini_moat, uniq_harold,
          uniq_grum
Temple:   nicolae_temple_the_god_donut

Skill      XL: |  1  2  3  4  5  6  7  8  9 10 11 |
---------------+----------------------------------+-----
Throwing       | 2 |  2.0
Dodging        | 3 4 5 6 8 |  8.6
Fighting       | 3 4 5 6 7 |  7.0
Long Blades    | 4 5 6 7 8 9 10 11 | 11.2
Evocations     | 2 4 5 |  5.4
Shields        | 3 4 |  4.1
Invocations    | 4 5 |  5.7

Action                   |  1- 3 |  4- 6 |  7- 9 | 10-12 || total
-------------------------+-------+-------+-------+-------++-------
Melee: Long sword        |    83 |   130 |   238 |       ||   451
       Tailslap          |    14 |    22 |    73 |    84 ||   193
       Falchion          |       |       |   190 |   427 ||   617
 Abil: Breathe Noxious F |       |       |    14 |    12 ||    26
Evoke: Wand              |       |     2 |    34 |    17 ||    53
  Use: Scroll            |       |     7 |     6 |     5 ||    18
       Potion            |       |     2 |     1 |     1 ||     4
 Stab: Confused          |       |       |    11 |    17 ||    28
  Eat: Chunk             |     2 |     8 |    14 |     6 ||    30
       Ration            |       |       |     3 |       ||     3
Armor: Skin              |    24 |    19 |   101 |    94 ||   238
Dodge: Dodged            |    59 |    76 |   242 |   324 ||   701
Block: Buckler           |       |       |    36 |    78 ||   114
       Rpst.: Long sword |    24 |    25 |    46 |       ||    95
       Falchion          |       |       |    28 |    93 ||   121

Table legend:
 A = Non-vault XP
 B = Vault XP
 C = Vault XP percentage of total XP
 D = Non-vault monster count
 E = Vault monster count
 F = Vault count percentage of total count
                 A         B        C        D         E       F
            +---------+---------+-------+---------+---------+-------
      Total |    9583 |    4051 |  29.7 |     226 |      22 |   8.9
            +---------+---------+-------+---------+---------+-------
        D:1 |      32 |       0 |   0.0 |      17 |       0 |   0.0
        D:2 |      54 |       0 |   0.0 |      26 |       0 |   0.0
        D:3 |      57 |       0 |   0.0 |      19 |       0 |   0.0
        D:4 |    1081 |     373 |  25.7 |      29 |       2 |   6.5
        D:5 |     321 |       9 |   2.7 |       9 |       2 |  18.2
        D:6 |     531 |     790 |  59.8 |      14 |      10 |  41.7
        D:7 |    1435 |     498 |  25.8 |      35 |       1 |   2.8
        D:8 |     524 |     673 |  56.2 |       9 |       1 |  10.0
        D:9 |    1680 |       0 |   0.0 |      24 |       0 |   0.0
       D:10 |    3395 |     473 |  12.2 |      41 |       4 |   8.9
       D:11 |     473 |    1235 |  72.3 |       3 |       2 |  40.0
            +---------+---------+-------+---------+---------+-------
